 Dungeon Crawl Stone Soup version 0.26.1-2-gb8aa6d0cf2 (webtiles) character file.

Game seed: 8558538364883617019

49 axecop the Unweaver (level 3, 0/29 HPs)
             Began as a Demonspawn Abyssal Knight on Mar 16, 2021.
             Was a Follower of Lugonu.
             Slain by a gnoll
             ... wielding a +0 whip
              (8 damage)
             ... on level 3 of the Dungeon.
             The game lasted 00:01:16 (1857 turns).

axecop the Unweaver (Demonspawn Abyssal Knight)     Turns: 1857, Time: 00:01:17

Health: 0/29       AC:  3    Str: 13    XL:     3   Next: 53%
Magic:  5/5        EV: 11    Int: 13    God:    Lugonu [*.....]
Gold:   61         SH:  0    Dex: 12    Spells: 2/2 levels left

rFire    . . .     SeeInvis .   a - +1 mace
rCold    + . .     Faith    .   (no shield)
rNeg     + . .     Spirit   .   b - +0 leather armour
rPois    .         Reflect  .   (no helmet)
rElec    .         Harm     .   (no cloak)
rCorr    .         Rampage  .   (no gloves)
Will     .....                  (no boots)
Stlth    +.........             (no amulet)
HPRegen  0.09/turn              j - ring of positive energy (curse)
MPRegen  0.09/turn              (no ring)

@: no status effects
A: cold resistance 1, spiny 1
a: Renounce Religion, Depart the Abyss


You were on level 3 of the Dungeon.
You worshipped Lugonu.
Lugonu was aware of your devotion.
You visited 1 branch of the dungeon, and saw 3 of its levels.
You visited the Abyss 1 time.

You collected 61 gold pieces.

Inventory:

Hand Weapons
 a - a +1 mace (weapon)
 d - a +0 arbalest
 f - a +1 dagger of speed
Missiles
 c - 33 stones
 h - 26 poisoned darts (quivered)
Armour
 b - a +0 leather armour (worn)
 g - a +0 scale mail
 k - a +0 kite shield
Jewellery
 j - a cursed ring of positive energy (left hand)
Wands
 e - a wand of flame (14)
Scrolls
 i - a scroll of fog {unknown}
 l - 3 scrolls of identify {unknown}


   Skills:
 - Level 3.0 Fighting
 + Level 2.0 Maces & Flails
 * Level 2.2 Crossbows
 - Level 1.7 Armour
 - Level 0.8 Dodging
 + Level 3.4 Invocations


You had 2 spell levels left.
You didn't know any spells.
Your spell library contained the following spells:

 Spells                   Type           Power        Failure   Level
 Magic Dart               Conj           0%           36%         1
 Blink                    Tloc           N/A          52%         2
 Call Imp                 Summ           0%           52%         2
 Slow                     Hex            0%           52%         2
 Conjure Flame            Conj/Fire      0%           75%         3
 Mephitic Cloud           Conj/Pois/Air  0%           75%         3


Dungeon Overview and Level Annotations

Branches:
Dungeon (3/15)

Altars:


Innate Abilities, Weirdness & Mutations

Your flesh is cold resistant. (rC+)
You are partially covered in sharp spines.


Message History

There is a stone staircase leading down here.
You climb downwards.
A leopard gecko comes into view.
There is a stone staircase leading up here.
Unknown command.
You barely miss the gnoll.
The gnoll is lightly wounded.
The gnoll misses you.
You barely miss the leopard gecko. The leopard gecko misses you.
The gnoll is struck by your spines. The gnoll barely misses you.
The leopard gecko bites you.
You hit the gnoll.
The gnoll is severely wounded.
The gnoll hits you with a +0 whip.
The leopard gecko is struck by your spines.
The leopard gecko bites you.
* * * LOW HITPOINT WARNING * * *
Unknown command.
The gnoll hits you with a +0 whip!
You die...

§# ♣
§.###♣.
.#.♣P. ♣♣
..♣.♣♣.
##.....####
#.........
#...l..#
#..g<..#
#.##@###
#.# #.# ..#
... ....
####


You could see a gnoll and a leopard gecko.

Vanquished Creatures
  An adder (D:2)
  An ooze (D:2)
  A dart slug (D:2)
  A bat (D:2)
  6 giant cockroaches (D:1)
  4 goblins
  6 hobgoblins
  A jackal (D:1)
  3 frilled lizards
  2 kobolds
  4 rats (D:2)
30 creatures vanquished.

Notes
Turn   | Place    | Note
-------+----------+-------------------------------------------
     0 | Abyss:1  | axecop the Demonspawn Abyssal Knight began the quest for
                  | the Orb.
     0 | Abyss:1  | Reached XP level 1. HP: 18/18 MP: 2/2
     2 | Abyss:1  | Found a corrupted altar of Lugonu.
     2 | Abyss:1  | Found an ornate altar of the Wu Jian Council.
    40 | Abyss:2  | Noticed a small abomination
    48 | Abyss:2  | Noticed a wretched star
    50 | D:1      | Escaped the Abyss
   543 | D:1      | Reached skill level 1 in Crossbows
   605 | D:1      | Gained mutation: Your flesh is cold resistant. (rC+)
                  | [demonic ancestry]
   605 | D:1      | Reached XP level 2. HP: 24/24 MP: 4/4
   648 | D:1      | Reached * piety under Lugonu
  1493 | D:2      | Gained mutation: You are partially covered in sharp spines.
                  | [demonic ancestry]
  1493 | D:2      | Reached XP level 3. HP: 29/29 MP: 5/5
  1857 | D:3      | Slain by a gnoll

Illustrated notes

Levels and vault maps discovered:
D:1:      giann_wishing_wells, layout_basic, minmay_misc_feat_square,
          minmay_tromino_mix6
D:2:      layout_basic, nzn_wu_jian_council_hall,
          gammafunk_temple_overflow_elements
D:3:      layout_basic, vehumet_crystals, overflow_temple_1_default,
          grunt_qazlal_clouds, serial_forest, infiniplex_forest_lined_2,
          infiniplex_forest_clump_double, infiniplex_forest_clump_curved,
          infiniplex_forest_straight_3, infiniplex_forest_lined_corner,
          infiniplex_forest_join, infiniplex_forest_clump_small,
          infiniplex_forest_join, grunt_dithmenos_smoke_and_mirrors

Skill      XL: |  1  2  3 |
---------------+----------+-----
Crossbows      | 1 2 |  2.2
Invocations    | 3 |  3.4
Maces & Flails | 2 |  2.0
Fighting       | |  3.0
Armour         | |  1.7
Dodging        | |  0.8

Action                   || total
-------------------------++-------
Melee: Mace              ||    91
Invok: Depart the Abyss  ||     1
Armor: Leather armour    ||    28
Dodge: Dodged            ||    58
